 Dungeon Crawl Stone Soup version 0.31-a0-192-ga50d7bf3bb (webtiles) character file.

Game seed: 4769212318048278675

4671 qw the Markself (level 10, -4/56 HPs)
             Began as a Deep Elf Hunter on June 23, 2023.
             Was a Believer of Okawaru.
             Slain by a spriggan
             ... wielding a +0 falchion
              (8 damage)
             ... on level 8 of the Dungeon.
             The game lasted 00:02:55 (6934 turns).

qw the Markself (Deep Elf Hunter)                   Turns: 6934, Time: 00:02:55

Health: -4/56      AC: 16    Str: 12    XL:     10   Next: 21%
Magic:  14/15      EV: 17    Int: 15    God:    Okawaru [**....]
Gold:   97         SH:  0    Dex: 18    Spells: 9/9 levels left

rFire   . . .        Y - +3 arbalest
rCold   . . .        (shield currently unavailable)
rNeg    . . .        i - +0 ring mail
rPois   .            a - +2 helmet
rElec   .            r - +2 cloak
rCorr   .            h - +2 pair of gloves
SInv    .            (no boots)
Will    +....        m - amulet of faith
Stlth   +++          (no ring)
HPRegen 0.29/turn    (no ring)
MPRegen 0.14/turn

%: faith
@: about to teleport, heroic
A: no striking features
a: Renounce Religion, Heroism


You were on level 8 of the Dungeon.
You worshipped Okawaru.
Okawaru was pleased with you.
You visited 2 branches of the dungeon, and saw 9 of its levels.

You collected 331 gold pieces.
You spent 234 gold pieces at shops.


   Skills:
 - Level 4.1(9.1) Fighting
 + Level 16.5(21.5) Ranged Weapons
 - Level 2.1(7.1) Armour
 - Level 6.3(11.3) Dodging
 - Level 1.2(6.2) Stealth
 - Level 4.2 Invocations


You had 9 spell levels left.
You didn't know any spells.
Your spell library was empty.

Inventory:

Hand Weapons
 Y - a +3 arbalest (weapon)
Armour
 a - a +2 helmet (worn)
 h - a +2 pair of gloves (worn)
 i - a +0 ring mail (worn)
 r - a +2 cloak (worn)
Jewellery
 m - an amulet of faith (around neck)
Wands
 c - a wand of digging (4)
Scrolls
 e - 3 scrolls of teleportation
 g - 3 scrolls of identify
Potions
 b - 3 potions of mutation
 d - 4 potions of curing
 k - a potion of resistance
 l - a potion of might
 q - a potion of enlightenment

Dungeon Overview and Level Annotations

Branches:
Dungeon (8/15)             Temple (1/1) D:4
   Lair: D:8-11

Altars:
Ashenzari
Cheibriados
Dithmenos
Elyvilon
Fedhas
Gozag
Hepliaklqana
Kikubaaqudgha
Makhleb
Nemelex Xobeh
Okawaru
Qazlal
Sif Muna
Trog
Uskayaw
Vehumet
Wu Jian
Xom
Yredelemnul
Zin
The Shining One

Shops:
D:6 ?[*(:(   D:7 **

Annotations:
D:4 exclusion: orc
D:6 1 runed translucent door, Crazy Yiuf


Message History

You gain the combat prowess of a mighty hero.
You shoot a bolt. The bolt hits the boulder beetle!
The boulder beetle is moderately wounded.
You hear a shout!
The boulder beetle curls into a ball and begins rolling!
You shoot a bolt. The bolt hits the boulder beetle!!
The boulder beetle is heavily wounded.
You shoot a bolt.
The bolt hits the boulder beetle but does no damage.
The boulder beetle is heavily wounded.
You shoot a bolt. The bolt hits the boulder beetle.
The boulder beetle is heavily wounded.
The boulder beetle closely misses you.
The boulder beetle stops rolling and uncurls.
You shoot a bolt.
The bolt hits the boulder beetle but does no damage.
The boulder beetle is heavily wounded.
The boulder beetle bites you!
The spriggan hits you but does no damage.
You shoot a bolt. The bolt hits the boulder beetle!
The boulder beetle is severely wounded.
The boulder beetle bites you! The spriggan barely misses you.
You shoot a bolt. The bolt hits the boulder beetle!
The boulder beetle is almost dead.
The boulder beetle closely misses you. The spriggan barely misses you.
You shoot a bolt. The bolt hits the boulder beetle!
The boulder beetle is almost dead.
The boulder beetle bites you! The spriggan barely misses you.
The boulder beetle bites you!
6932 ||| READING 4 scrolls of teleportation.
As you read the scroll of teleportation, it crumbles to dust.
You feel strangely unstable.
The spriggan hits you but does no damage.
The boulder beetle leaps!
You shoot a bolt. The spriggan blocks the bolt.
The spriggan barely misses you.
You shoot a bolt. The spriggan blocks the bolt.
The spriggan hits you but does no damage.
The spriggan hits you with a +0 falchion!
You die... 77.77...%..77 77..7 777.7...777...7 7.77 7 ...777777 7...777 77.77 7. 7777 77%...7 77)7

77.7 77..7777
7..77...7
7..77 77....7
77..777
777.77
7....7777
7.777
777...@.7
77..7
7777.iB.7
77.7
777...7777
77.7
77...:7777.77
77...))77
7...7777 7
7777777...77


777 7..........7 777.. ...7777777..777..77 You could see a boulder beetle and a
spriggan.

Vanquished Creatures
  5 spriggans (D:8)
  A yak (D:8)
  3 wyverns (D:8)
  2 water moccasins
  An orc warrior (D:7)
  An ice beast (D:8)
  2 sky beasts
  2 ogres
  4 black bears
  4 centaurs
  A phantom (D:6)
  2 kobold brigands
  2 scorpions
  4 bullfrogs
  A gnoll sergeant (D:7)
  3 wights (D:7)
  5 killer bees (D:7)
  A howler monkey (D:8)
  A jelly (D:6)
  4 orc priests
  2 hounds
  Jessica (D:2)
  5 iguanas (D:5)
  An orc wizard (D:3)
  2 sleepcaps (D:6)
  18 gnolls
  7 adders
  A shadow imp (D:6)
  4 white imps
  An ufetubus (D:5)
  3 worms
  6 dart slugs
  21 orcs
  7 ball pythons
  8 endoplasms
  5 giant cockroaches
  8 goblins
  5 hobgoblins
  8 jackals
  2 quokkas
  2 bats
  2 frilled lizards
  12 kobolds
  9 rats
189 creatures vanquished.

Notes
Turn   | Place    | Note
-------+----------+-------------------------------------------
     0 | D:1      | qw the Deep Elf Hunter began the quest for the Orb.
     0 | D:1      | Reached XP level 1. HP: 12/12 MP: 3/3
     0 | D:1      | 0 ||| qw: Version: 0.3-a-9-g12657ce
     0 | D:1      | 0 ||| qw: Game counter: 4563
     0 | D:1      | 0 ||| qw: Always use a shield: true
     0 | D:1      | 0 ||| qw: God list: Okawaru
     0 | D:1      | 0 ||| qw: Allow faded altars: false
     0 | D:1      | 0 ||| qw: Do Orc after D:15 true
     0 | D:1      | 0 ||| qw: Do second Lair branch before Depths: true
     0 | D:1      | 0 ||| qw: Lair rune preference: random
     0 | D:1      | 0 ||| qw: Plans: Normal
     0 | D:1      | 0 ||| PLANNING D:1-11
    40 | D:1      | You fall into a shaft and drop 1 floor!
   115 | D:2      | Reached skill level 6 in Ranged Weapons
   115 | D:2      | Reached XP level 2. HP: 16/16 MP: 4/4
   270 | D:2      | Reached XP level 3. HP: 20/20 MP: 5/5
   284 | D:2      | 284 ||| UPGRADING to +0 cloak.
   289 | D:2      | 289 ||| UPGRADING to +2 pair of gloves.
   294 | D:2      | 294 ||| READING scroll labelled ZEYGIULASCH.
   295 | D:2      | 295 ||| READING scroll labelled RYORAGHISTRA.
   296 | D:2      | 296 ||| READING scroll labelled OTUNOQI KOHEICK.
   297 | D:2      | 297 ||| DROPPING scroll of butterflies.
   454 | D:1      | Reached skill level 7 in Ranged Weapons
   457 | D:1      | 457 ||| FLEEEEING.
   580 | D:1      | 580 ||| FLEEEEING.
   581 | D:1      | 581 ||| FLEEEEING.
   732 | D:1      | Reached XP level 4. HP: 25/25 MP: 6/6
  1061 | D:1      | 1061 ||| UPGRADING to +0 helmet.
  1066 | D:1      | 1066 ||| READING scroll labelled PIUPAT UPNAOQA.
  1091 | D:2      | 1091 ||| Stepping ~*~*~tactically~*~*~ (outnumbered).
  1093 | D:2      | 1093 ||| Stepping ~*~*~tactically~*~*~ (outnumbered).
  1096 | D:2      | 1096 ||| Stepping ~*~*~tactically~*~*~ (outnumbered).
  1098 | D:2      | 1098 ||| Stepping ~*~*~tactically~*~*~ (outnumbered).
  1107 | D:2      | HP: 1/25 [gnoll/+0 halberd (8)]
  1226 | D:2      | Reached skill level 8 in Ranged Weapons
  1490 | D:2      | Found a basalt altar of Yredelemnul.
  1615 | D:2      | Noticed Jessica
  1619 | D:2      | Killed Jessica
  1620 | D:2      | Reached XP level 5. HP: 29/29 MP: 7/7
  1669 | D:2      | 1669 ||| UPGRADING to +1 robe of willpower.
  1793 | D:3      | Found a shimmering blue altar of Sif Muna.
  1798 | D:3      | Found a shimmering altar of Xom.
  1803 | D:3      | Found a bloodstained altar of Trog.
  1806 | D:3      | Found a broken altar of Ashenzari.
  1808 | D:3      | Found a radiant altar of Vehumet.
  1813 | D:3      | Found an opulent altar of Gozag.
  1875 | D:3      | Reached skill level 3 in Dodging
  1948 | D:3      | 1948 ||| SWAPPING to +0 arbalest.
  1950 | D:3      | 1950 ||| DROPPING +0 shortbow.
  2217 | D:3      | 2217 ||| DROPPING +0 leather armour.
  2218 | D:3      | 2218 ||| UPGRADING to +1 cloak.
  2228 | D:3      | 2228 ||| DROPPING +0 cloak.
  2229 | D:3      | 2229 ||| UPGRADING to +0 ring mail.
  2239 | D:3      | 2239 ||| DROPPING +1 robe of willpower.
  2240 | D:3      | 2240 ||| READING scroll labelled ENAPLY GETU.
  2241 | D:3      | 2241 ||| READING scroll labelled RULUSA FOUDGH.
  2243 | D:3      | 2243 ||| Stepping ~*~*~tactically~*~*~ (cloud).
  2246 | D:3      | HP: 7/29 [poisoned by you (poison gas)]
  2251 | D:3      | HP: 3/29 [poisoned by you (poison gas)]
  2428 | D:4      | Reached skill level 1 in Armour
  2440 | D:4      | Reached skill level 9 in Ranged Weapons
  2443 | D:4      | Reached XP level 6. HP: 21/34 MP: 8/8
  2634 | D:4      | Found a staircase to the Ecumenical Temple.
  2635 | D:4      | 2635 ||| PLANNING TEMPLE
  2636 | D:4      | 2636 ||| READING scroll labelled ZOM JORHELISUS.
  2703 | D:4      | HP: 8/35 [centaur/arrow (5)]
  2704 | D:4      | HP: 3/35 [centaur/arrow (3)]
  2707 | D:4      | Reached skill level 10 in Ranged Weapons
  2707 | D:4      | Reached XP level 7. HP: 4/40 MP: 9/9
  2850 | Temple   | Entered the Ecumenical Temple
  2851 | Temple   | 2851 ||| PLANNING OKAWARU WORSHIP
  2922 | Temple   | Became a worshipper of Warmaster Okawaru
  2923 | Temple   | 2923 ||| PLANNING D:1-11
  2981 | D:4      | 2981 ||| DROPPING ring of magical power.
  2983 | D:4      | 2983 ||| FLEEEEING.
  2984 | D:4      | 2984 ||| FLEEEEING.
  3091 | D:4      | Found an ornate altar of the Wu Jian Council.
  3347 | D:4      | 3347 ||| READING 3 scrolls labelled QOJEAC AMEIQI.
  3348 | D:4      | 3348 ||| READING 2 scrolls of enchant armour.
  3348 | D:4      | 3348 ||| ENCHANTING +0 helmet.
  3349 | D:4      | 3349 ||| READING scroll of enchant armour.
  3349 | D:4      | 3349 ||| ENCHANTING +1 helmet.
  3350 | D:4      | 3350 ||| READING scroll labelled XESSIN FIECW.
  3354 | D:5      | Entered Level 5 of the Dungeon
  3401 | D:5      | Reached skill level 11 in Ranged Weapons
  3662 | D:5      | HP: 7/40 [iguana (9)]
  4144 | D:5      | Reached skill level 12 in Ranged Weapons
  4249 | D:5      | 4249 ||| UPGRADING to amulet of faith.
  4254 | D:5      | 4254 ||| READING 3 scrolls labelled IPTOCH JOSEU.
  4258 | D:5      | 4258 ||| READING scroll labelled XYOLAD JYMUUC.
  4259 | D:5      | 4259 ||| READING scroll labelled YPSOPI WAXE.
  4260 | D:5      | 4260 ||| DRINKING 2 green potions.
  4285 | D:6      | 4285 ||| STAIRDANCE
  4404 | D:6      | Found Uplajes's Antique Armour Shoppe.
  4411 | D:6      | Reached skill level 3 in Fighting
  4411 | D:6      | Reached XP level 8. HP: 26/46 MP: 10/10
  4467 | D:6      | 4467 ||| FLEEEEING.
  4469 | D:6      | 4469 ||| FLEEEEING.
  4470 | D:6      | 4470 ||| FLEEEEING.
  4471 | D:6      | 4471 ||| FLEEEEING.
  4472 | D:6      | 4472 ||| FLEEEEING.
  4473 | D:6      | 4473 ||| FLEEEEING.
  4476 | D:6      | 4476 ||| STAIRDANCE
  4570 | D:6      | Reached * piety under Okawaru
  4590 | D:6      | Reached skill level 13 in Ranged Weapons
  4590 | D:6      | Reached skill level 1 in Invocations
  4602 | D:6      | 4602 ||| READING scroll of enchant weapon.
  4602 | D:6      | 4602 ||| ENCHANTING +1 arbalest.
  4702 | D:6      | 4702 ||| INVOKING Heroism.
  4800 | D:6      | Found an ancient bone altar of Kikubaaqudgha.
  4879 | D:6      | Found Tosi Sof's Magic Scroll Shop.
  4882 | D:6      | Found Hearhum's Weapon Emporium.
  4882 | D:6      | Found Dozasaud's General Store.
  4884 | D:6      | Found Doergh's Antique Weapon Shoppe.
  4884 | D:6      | Found Tyotext's Book Shop.
  4888 | D:6      | 4888 ||| BUYING embroidered hat (189 gold).
  4888 | D:6      | Bought an embroidered hat for 189 gold pieces
  4888 | D:6      | 4888 ||| SHOPLISTING encrusted leather armour (189 gold,
                  | have 66).
  4888 | D:6      | 4888 ||| SHOPLISTING glowing leather armour (135 gold, have
                  | 66).
  4888 | D:6      | 4888 ||| SHOPLISTING slimy cloak (256 gold, have 66).
  4920 | D:6      | 4920 ||| SHOPLISTING potion of mutation (96 gold, have 66).
  4922 | D:6      | 4922 ||| SHOPLISTING 2 scrolls of enchant armour (225 gold,
                  | have 66).
  4922 | D:6      | 4922 ||| SHOPLISTING scroll of enchant armour (112 gold,
                  | have 66).
  4922 | D:6      | 4922 ||| SHOPLISTING scroll of enchant weapon (112 gold,
                  | have 66).
  4922 | D:6      | 4922 ||| BUYING scroll of teleportation (45 gold).
  4922 | D:6      | Bought a scroll of teleportation for 45 gold pieces
  4922 | D:6      | 4922 ||| SHOPLISTING scroll of teleportation (45 gold, have
                  | 21).
  5057 | D:6      | Found a runed translucent door.
  5058 | D:6      | Noticed Crazy Yiuf
  5177 | D:6      | 5177 ||| DROPPING +2 hat of stealth.
  5178 | D:6      | 5178 ||| UPGRADING to +2 cloak.
  5188 | D:6      | 5188 ||| DROPPING +1 cloak.
  5189 | D:6      | 5189 ||| DROPPING ring of flight.
  5190 | D:6      | 5190 ||| DRINKING 2 sapphire potions.
  5191 | D:6      | 5191 ||| READING 7 scrolls of identify.
  5191 | D:6      | 5191 ||| IDENTIFYING sedimented puce potion
  5192 | D:6      | 5192 ||| READING 6 scrolls of identify.
  5192 | D:6      | 5192 ||| IDENTIFYING fizzy emerald potion
  5193 | D:6      | 5193 ||| READING 5 scrolls of identify.
  5193 | D:6      | 5193 ||| IDENTIFYING bubbling dark potion
  5194 | D:6      | 5194 ||| READING 4 scrolls of identify.
  5194 | D:6      | 5194 ||| IDENTIFYING white potion
  5195 | D:6      | 5195 ||| READING 3 scrolls of identify.
  5195 | D:6      | 5195 ||| IDENTIFYING puce potion
  5196 | D:6      | 5196 ||| DROPPING potion of lignification.
  5263 | D:7      | 5263 ||| INVOKING Heroism.
  5271 | D:7      | HP: 10/46 [gnoll sergeant/+0 trident (2)]
  5272 | D:7      | 5272 ||| READING 5 scrolls of teleportation.
  5273 | D:7      | 5273 ||| DRINKING potion of heal wounds.
  5275 | D:7      | 5275 ||| INVOKING Heroism.
  5278 | D:7      | Reached skill level 3 in Invocations
  5533 | D:7      | Found Ukkoazos's General Store.
  5552 | D:7      | 5552 ||| SHOPLISTING ring of positive energy (280 gold,
                  | have 58).
  5560 | D:7      | 5560 ||| INVOKING Heroism.
  5572 | D:7      | 5572 ||| INVOKING Heroism.
  5576 | D:7      | Reached XP level 9. HP: 19/51 MP: 10/13
  5796 | D:7      | Reached skill level 14 in Ranged Weapons
  5831 | D:7      | 5831 ||| INVOKING Heroism.
  5845 | D:7      | Found a glowing silver altar of Zin.
  5847 | D:7      | Found Zin's Purification Station.
  5852 | D:7      | 5852 ||| SHOPLISTING potion of curing (90 gold, have 58).
  5883 | D:7      | 5883 ||| INVOKING Heroism.
  5914 | D:7      | 5914 ||| INVOKING Heroism.
  6100 | D:8      | 6100 ||| INVOKING Heroism.
  6161 | D:8      | 6161 ||| INVOKING Heroism.
  6189 | D:8      | Found a white marble altar of Elyvilon.
  6243 | D:8      | Reached skill level 15 in Ranged Weapons
  6333 | D:8      | 6333 ||| INVOKING Heroism.
  6433 | D:8      | 6433 ||| INVOKING Heroism.
  6544 | D:8      | Noticed a boulder beetle
  6545 | D:8      | 6545 ||| INVOKING Heroism.
  6548 | D:8      | Reached ** piety under Okawaru
  6550 | D:8      | Reached skill level 16 in Ranged Weapons
  6550 | D:8      | Reached XP level 10. HP: 46/56 MP: 12/15
  6555 | D:8      | HP: 13/56 [boulder beetle (13)]
  6556 | D:8      | 6556 ||| READING 5 scrolls of teleportation.
  6558 | D:8      | Found a basalt altar of Yredelemnul.
  6637 | D:8      | 6637 ||| INVOKING Heroism.
  6650 | D:8      | Reached skill level 6 in Dodging
  6819 | D:8      | 6819 ||| READING scroll of enchant weapon.
  6819 | D:8      | 6819 ||| ENCHANTING +2 arbalest.
  6859 | D:8      | 6859 ||| INVOKING Heroism.
  6923 | D:8      | 6923 ||| INVOKING Heroism.
  6931 | D:8      | HP: 14/56 [boulder beetle (16)]
  6931 | D:8      | HP: 3/56 [boulder beetle (11)]
  6932 | D:8      | 6932 ||| READING 4 scrolls of teleportation.
  6934 | D:8      | Slain by a spriggan

Levels and vault maps discovered:
D:1:      eino_arrival_tree_alley, layout_basic, nicolae_grassy_gnolls
D:2:      layout_basic, basic_altar, uniq_jessica
D:3:      layout_basic, nicolae_overflow_hallway_of_the_gods
D:4:      layout_cave_pools, nzn_wu_jian_contemplation,
          minmay_temple_entry_proselytizer, serial_column_ruins,
          column_ruins_hut, column_ruins_open_large, column_ruins_grid_1,
          column_ruins_open_small, column_ruins_open_small_water, minivault_1,
          sigmund_army
D:5:      layout_loops_ring
D:6:      layout_cave_pools, overflow_temple_1_default, grunt_ministairs_14,
          minivault_10, nicolae_wooded_promenade, serial_park_tiny_pond,
          minmay_misc_feat_nine_boxes, uniq_crazy_yiuf_cottage
D:7:      layout_gridville, zin_purify, serial_shops, nicolae_shop_tiny_glass
D:8:      kb_forest_paths, layout_basic, kennysheep_ying_yang,
          david_lair_shrubbed, corexii_leaking_fountain
Temple:   eino_temple_lava

Skill      XL: |  1  2  3  4  5  6  7  8  9 10 |
---------------+-------------------------------+-----
Ranged Weapons | 6 7 8 9 10 12 13 16 | 16.5
Dodging        | 3 4 5 6 |  6.3
Armour         | 1 2 |  2.1
Fighting       | 2 3 4 |  4.1
Invocations    | 3 4 |  4.2
Stealth        | |  1.2

Action                     |  1- 3 |  4- 6 |  7- 9 | 10-12 || total
---------------------------+-------+-------+-------+-------++-------
   Fire: Shortbow          |   101 |   112 |       |       ||   213
         Arbalest          |       |    75 |   255 |    56 ||   386
 Invoke: Heroism           |       |       |    13 |     3 ||    16
    Use: Scroll            |     3 |     4 |    14 |     3 ||    24
         Potion            |       |       |     3 |       ||     3
 Armour: Leather armour    |    21 |     7 |       |       ||    28
         Ring mail         |       |    21 |    60 |    11 ||    92
         Robe              |       |     5 |       |       ||     5
  Dodge: Dodged            |    36 |    54 |   160 |    28 ||   278

Table legend:
 A = Non-vault XP
 B = Vault XP
 C = Vault XP percentage of total XP
 D = Non-vault monster count
 E = Vault monster count
 F = Vault count percentage of total count
                 A         B        C        D         E       F
            +---------+---------+-------+---------+---------+-------
      Total |    4463 |    2210 |  33.1 |     164 |      25 |  13.2
            +---------+---------+-------+---------+---------+-------
        D:1 |      45 |      14 |  23.7 |      24 |       1 |   4.0
        D:2 |     111 |      37 |  25.0 |      21 |       1 |   4.5
        D:3 |     107 |       0 |   0.0 |      27 |       0 |   0.0
        D:4 |     474 |      53 |  10.1 |      20 |       5 |  20.0
        D:5 |     401 |       0 |   0.0 |      16 |       0 |   0.0
        D:6 |     923 |     117 |  11.2 |      19 |       5 |  20.8
        D:7 |    1572 |       0 |   0.0 |      25 |       0 |   0.0
        D:8 |     830 |    1989 |  70.6 |      12 |      13 |  52.0
            +---------+---------+-------+---------+---------+-------
